Description

Opening block – One Barracks expand 14 – Supply Depot 16 – Barracks 16 – Refinery @100% Barracks – Reaper and Orbital Command @400 mineral – Command Centre (@100% – Orbital Command) @100 mineral – Supply Depot @100% Reaper – Marine

Build block – 1-1-1 @100 gas – Factory @100% Marine – Reactor @75 mineral – Refinery @100% Factory – Starport; swap Factory on Reactor and produce 2x Hellion (constant production until 6x Hellion); build Tech Lab with Barracks @100 mineral – Supply Depot @100% Starport – Liberator @100% Supply Depot – Supply Depot Build Supply Depot accordingly hereafter

Transition block – 3CC and bio @100 mineral – Stim @400 mineral – Command Centre (@100% – Orbital Command) @300 mineral – Lift Factory to build a Tech Lab; 2x Barracks (one on the vacant Reactor and another next to Starport); build Reactor with Starport @250 mineral – 2x Engineering Bay @100% Tech Lab – Siege Tank @150 mineral – 2x Refinery @100% 2x Engineering Bay – +1/+1 Infantry upgrade @100% 2x Barracks – Swap Barracks with no add-on onto Starport’s Reactor; build Reactor with Starport; constant Marine production @100 mineral – Combat Shield @100% Siege Tank – Siege Tank @100% Reactor – 2x Medivac @150 mineral – Armory

Attack Zerg’s 4th base with bio, 2x Siege Tank, and 2x Medivac when the units are ready. Then, based on the concept of convergent points, build 2x Barracks, 1x Factory, 2x Refinery, 4th Command Centre, 3x Barracks (in this sequence when you can afford them) to transition to a macro game.

Build Order

Get SALT Encoding   

  6  0:00  SCV  
  13  0:12  SCV  
  14  0:16  Supply Depot  
  14  0:24  SCV  
  15  0:38  SCV  
  15  0:40  Barracks  
  16  0:43  Refinery  
  16  0:50  SCV  
  17  1:02  SCV  
  18  1:14  SCV  
  19  1:27  Reaper, Orbital Command  
  20  1:38  Command Center  
  20  1:49  Supply Depot  
  20  1:53  SCV  
  21  1:59  Marine  
  22  2:05  Factory, SCV  
  23  2:14  Refinery  
  23  2:18  SCV  
  23  2:22  Barracks Reactor  
  26  2:51  Starport  
  26  2:53  Orbital Command  
  27  3:03  Hellion x2  
  31  3:06  Barracks Tech Lab  
  31  3:08  Supply Depot  
  33  3:24  Hellion x2  
  38  3:30  Liberator  
  43  3:45  Supply Depot  
  43  3:46  Hellion x2  
  49  3:49  Stimpack  
  51  4:09  Command Center  
  53  4:18  Barracks x2  
  53  4:24  Factory Reactor  
  55  4:29  Supply Depot  
  55  4:33  Engineering Bay x2  
  56  4:40  Starport Tech Lab  
  58  4:46  Refinery x2  
  60  5:05  Terran Infantry Weapons Level 1  
  60  5:06  Terran Infantry Armor Level 1  
  61  5:12  Marine x3, Starport Reactor  
  65  5:14  Siege Tank  
  65  5:18  Marine x2  
  72  5:21  Orbital Command  
  73  5:30  Marine x3  
  73  5:32  Combat Shield  
  76  5:36  Marine  
  78  5:45  Orbital Command  
  78  5:47  Siege Tank  
  84  5:52  Medivac x2  
  97  6:17  Armory  
  100  6:22  Siege Tank  
  105  6:30  Medivac x2  
  117  6:50  Barracks x2  
  117  6:57  Siege Tank  
  128  7:07  Terran Infantry Weapons Level 2  
  128  7:10  Terran Infantry Armor Level 2  
  133  7:31  Siege Tank  
  133  7:32  Factory  
  138  7:37  Refinery x2  
  138  7:40  Barracks Reactor x2  
  144  7:53  Medivac  
  149  7:58  Command Center  
  150  8:08  Terran Vehicle Weapons Level 1, Barracks x3  
  159  8:22  Siege Tank  
  166  8:28  Factory Tech Lab  
  167  8:47  Siege Tank  
  173  8:49  Concussive Shells  
  173  8:53  Medivac x2  
  180  8:56  Barracks Tech Lab x3  
  181  9:04  Siege Tank  
  190  9:12  Marauder x3  
  200  9:37  Barracks  
  200  9:45  Factory Reactor  
  200  9:46  Command Center  
  200  9:47  Barracks  
Spawning Tool Build Advisor. Get it on Overwolf

Go to:

Details

  • Created by: ttsgosadow
  • Published on: Apr 15, 2022
  • Modified on: Apr 15, 2022
  • Patch: 4.11.0
  • Difficulty: Medium
Show
View Real Time Build Order
Export as new Build Order

Comments (0)

There are no comments. Be the first!

Create an account to comment!